 Dungeon Crawl Stone Soup version 0.30-a0-760-g5a9884bb7c (webtiles) character file.

Game seed: 15504568877173329570

192114 Zappman123 the Executioner (level 18, -10/168 (172) HPs)
             Began as a Hill Orc Gladiator on Feb 11, 2023.
             Was a High Priest of Elyvilon.
             Killed from afar by a deep elf sorcerer (53 damage)
             ... with a bolt of acid
             ... on level 3 of the Elven Halls.
             The game lasted 01:07:02 (37891 turns).

Zappman123 the Executioner (Hill Orc Gladiator)    Turns: 37891, Time: 01:07:03

HP:   -10/168 (172) AC: 15    Str: 25    XL:     18   Next: 67%
MP:   31/31         EV: 16    Int:  8    God:    Elyvilon [*****.]
Gold: 1222          SH:  0    Dex: 12    Spells: 17/17 levels left

rFire   + . .      SeeInvis .    a - +8 frozen axe "Frostbite" {freeze, freezing cloud, *Noise Fly rC+}
rCold   + + .      Faith    .    (shield currently unavailable)
rNeg    . . .      Spirit   .    t - +3 scale mail {Will+}
rPois   .          Reflect  .    I - +2 hat {Will+}
rElec   .          Harm     .    D - scarf {rC+ rF+}
rCorr   .          Rampage  .    b - +0 pair of gloves
Will    +++..                    l - +0 pair of boots Stlth
                                 c - amulet of regeneration
HPRegen 1.28/turn                U - +4 ring of slaying
MPRegen 0.22/turn                w - +5 ring of evasion

@: corroded, flying, lightly drained
A: no potion heal 1
a: Renounce Religion, Purification, Heal Other, Heal Self, Divine Vigour


You were on level 3 of the Elven Halls.
You worshipped Elyvilon.
Elyvilon was extremely pleased with you.
You visited 7 branches of the dungeon, and saw 31 of its levels.
You also visited: Volcano.

You collected 3523 gold pieces.
You spent 2301 gold pieces at shops.

Inventory:

Hand Weapons
 a - the +8 frozen axe "Frostbite" (weapon) {freeze, freezing cloud, *Noise Fly rC+}
   (You bought it in a shop on level 2 of the Orcish Mines)

   rC:        It protects you from cold.
   Fly:       It grants you flight.
   *Noise:    It may make noises in combat.
Missiles
 G - 2 javelins (quivered)
 P - 5 poisoned darts
Armour
 b - a +0 pair of gloves (worn)
 l - a +0 pair of boots (worn)
 t - a +3 scale mail of willpower (worn)
 v - a +2 chain mail of fire resistance
 D - a scarf of resistance (worn)
 I - a +2 hat of willpower (worn)
Jewellery
 c - an amulet of regeneration (around neck)
 e - a ring of positive energy
 i - a ring of protection from fire
 w - a +5 ring of evasion (right hand)
 A - the ring of the Princeling {rN+ Will+ MP+9}
   (You took it off a deep elf death mage on level 3 of the Elven Halls)

   [ring of magical power]

   rN:        It protects you from negative energy.
   MP:        It affects your magic capacity (+9).
   Will:      It increases your willpower.
 K - the ring "Dioficiu" {rPois rC+ rN+}
   (You found it on level 3 of the Elven Halls)

   [ring of poison resistance]

   rC:        It protects you from cold.
   rPois:     It protects you from poison.
   rN:        It protects you from negative energy.
 R - a ring of fire
 U - a +4 ring of slaying (left hand)
 Y - a ring of magical power
Wands
 C - a wand of charming (6)
 N - a wand of polymorph (19)
 O - a wand of quicksilver (14)
 Q - a wand of digging (9)
 T - a wand of flame (15)
 X - a wand of mindburst (15)
Scrolls
 d - 3 scrolls of poison
 f - 11 scrolls of magic mapping
 g - 3 scrolls of blinking
 k - a scroll of torment {unknown}
 n - 6 scrolls of fog
 r - 2 scrolls of silence
 s - 18 scrolls of identify
 y - a scroll of fear
 z - 3 scrolls of noise
 B - 6 scrolls of teleportation
 E - 8 scrolls of amnesia
 J - 4 scrolls of enchant armour
 L - 5 scrolls of vulnerability
 M - 6 scrolls of enchant weapon
 V - a scroll of immolation
 W - 2 scrolls of butterflies
Potions
 h - 5 potions of magic
 m - 13 potions of heal wounds
 o - 7 potions of lignification
 p - 6 potions of curing
 q - 3 potions of cancellation
 u - 4 potions of haste
 x - 7 potions of mutation
 F - 2 potions of resistance
 H - 2 potions of berserk rage
 S - 3 potions of ambrosia
Miscellaneous
 j - a lightning rod (4/4)


   Skills:
 - Level 18.0 Fighting
 - Level 24.0 Axes
 - Level 2.0 Throwing
 - Level 18.0 Armour
 - Level 2.4 Dodging
 - Level 18.0 Invocations
 + Level 9.1 Evocations


You had 17 spell levels left.
You didn't know any spells.
Your spell library contained the following spells:

 Spells                   Type           Power      Damage    Failure   Level
 Freeze                   Ice            0%         1d3       58%         1
 Magic Dart               Conj           0%         1d3       58%         1
 Slow                     Hex            0%         N/A       58%         1
 Call Imp                 Summ           0%         N/A       75%         2
 Scorch                   Fire           0%         2d5       75%         2
 Confusing Touch          Hex            0%         N/A       92%         3
 Dazzling Flash           Conj/Hex       0%         N/A       92%         3
 Frozen Ramparts          Ice            0%         1d1       92%         3
 Gell's Gravitas          Tloc           0%         N/A       92%         3
 Hailstorm                Conj/Ice       0%         3d3       92%         3
 Mephitic Cloud           Conj/Pois/Air  0%         N/A       92%         3
 Teleport Other           Tloc           0%         N/A       92%         3
 Tukima's Dance           Hex            0%         N/A       92%         3
 Vampiric Draining        Necr           0%         2d6       92%         3
 Airstrike                Air            0%         2d(0-16)  100%        4
 Flame Wave               Conj/Fire      0%         2d4       100%        4
 Ice Form                 Ice/Tmut       0%         N/A       100%        4
 Iskenderun's Mystic Bla  Conj/Tloc      0%         2d3       100%        4
 Passage of Golubria      Tloc           0%         N/A       100%        4
 Summon Ice Beast         Ice/Summ       0%         N/A       100%        4
 Summon Lightning Spire   Summ/Air       0%         N/A       100%        4
 Alistair's Intoxication  Tmut/Pois      0%         N/A       100%        5
 Borgnjor's Vile Clutch   Necr/Erth      0%         N/A       100%        5
 Lightning Bolt           Conj/Air       0%         1d11      100%        5
 Yara's Violent Unravell  Hex/Tmut       0%         3d3       100%        5
 Dispersal                Tloc           0%         N/A       100%        6
 Eringya's Noxious Bog    Tmut/Pois      0%         N/A       100%        6
 Starburst                Conj/Fire      0%         6d3       100%        6
 Summon Cactus Giant      Summ           0%         N/A       100%        6


Dungeon Overview and Level Annotations

Branches:
Dungeon (15/15)            Temple (1/1) D:4            Lair (5/5) D:9
 Shoals (1/4) Lair:3        Snake (4/4) Lair:3        Slime (0/5) Lair:4
    Orc (2/2) D:9             Elf (3/3) Orc:2        Vaults (0/5) D:14
 Depths (0/4) D:15        Volcano (visited)

Altars:
Ashenzari
Cheibriados
Dithmenos
Elyvilon
Fedhas
Gozag
Hepliaklqana
Kikubaaqudgha
Nemelex Xobeh
Okawaru
Qazlal
Ru
Sif Muna
Trog
Uskayaw
Vehumet
Wu Jian
Xom
Yredelemnul
Zin
The Shining One
Beogh
Jiyva

Shops:
D:7 *   D:9 [(   D:13 *   Orc:2 *([(   Snake:3 [   Snake:4 *

Annotations:
D:2 1 runed translucent door, Crazy Yiuf
D:4 exclusion: ogre
D:5 exclusion: 2 downstairs
D:6 Crownlay's ghost, novice HOFE
D:9 3 runed translucent doors, epen's ghost, journeyman GnWn
D:14 exclusion: downstairs
D:15 3 runed translucent doors, Pomaec's ghost, journeyman TrCA
Lair:4 exclusion: oklob plant
Snake:2 2 transporters
Snake:3 exclusion: 2 downstairs
Snake:4 Agnes; Bai Suzhen; Roxanne
Elf:2 5 runed translucent doors


Innate Abilities, Weirdness & Mutations

Potions are less effective at restoring your health.


Message History

The deep elf high priest hits you but does no damage.
The deep elf high priest invokes the aid of its god against you.
The sphere of damnation explodes!
The damnation engulfs you!!
* * * LOW HITPOINT WARNING * * *
You hear a shout! x3
You see here a +2 rapier of venom.
You take 17 damage, and have 93/168 hp.
The deep elf high priest utters a dark prayer and points at you.
Your life force is offered up.
* * * LOW HITPOINT WARNING * * *
You see here the +8 Wrath of Trog {antimagic, *Rage Rampage}.
You take 3 damage, and have 90/168 hp.
The deep elf high priest calls down the wrath of its god upon you.
Something smites you!
* * * LOW HITPOINT WARNING * * *
You see here a potion of brilliance.
You take 10 damage, and have 82/168 hp.
The deep elf high priest prays to its god.
The deep elf high priest begins emitting a brilliant aura!
Items here: ))) [ ÷.
Things that are here:
a +0 leather armour; a +0 short sword; a +0 shortbow
Things that are here:
a +0 short sword; a +1 long sword of holy wrath
As you read the scroll of fog, it crumbles to dust.
The scroll dissolves into smoke.
There is an open door, spattered with blood here.
The deep elf sorcerer casts a spell at you.
The bolt of acid hits you!!!
* * * LOW HITPOINT WARNING * * *
The acid corrodes you!
You take 35 damage, and have 65/168 hp.
The deep elf sorcerer points at you and mumbles some strange words.
The bolt of acid hits you!!
* * * LOW HITPOINT WARNING * * *
You see here a +6 dagger of freezing.
You take 24 damage, and have 41/168 hp.
The deep elf sorcerer gestures at you while chanting.
The bolt of acid hits you!!!
You die...

#.§[§§§§.§# #.....
#....§§§..# #...8.
####.).§§)#######.....
#)§e'[)......'.8...
#....#.#.#####.....
##'####### #...8. #.#
#....) #)# #####' ####@##
#. ##.[)..## #.
##...[...## #.
##..<......## #'
##...........## ##.
#.............# ##..
#.............########...
#......P......'.....'....
#.............#######....


You could see a deep elf sorcerer (fast, empowered).

Vanquished Creatures
  Mara (Snake:3)
  Vashnia (Snake:2)
  Rupert (Orc:2)
  A deep elf master archer (Elf:3)
  Gastronok (Lair:2)
  A nagaraja (Snake:1)
  Aizul (Snake:1)
  4 deep elf sorcerers (Elf:3)
  A deep elf elementalist (Elf:3)
  A deep elf annihilator (Elf:1)
  Azrael (D:11)
  3 deep elf demonologists (Elf:3)
  A dire elephant (D:15)
  3 deep elf death magi (Elf:3)
  A deep elf high priest (Elf:1)
  A merfolk avatar (Lair:5)
  2 ogre magi (D:15)
  A catoblepas (D:14)
  5 centaur warriors
  2 salamander tyrants
  6 anacondas
  Erica (Orc:1)
  4 naga warriors
  4 boulder beetles
  13 dancing weapons
  10 death yaks (Lair:5)
  6 two-headed ogres
  Urug (D:12)
  2 shock serpents (Snake:1)
  5 naga sharpshooters
  A hell knight (Volcano)
  9 deep elf knights
  4 salamander mystics
  5 skeletal warriors (D:15)
  A skyshark (Lair:3)
  3 anaconda zombies (Snake:1)
  2 naga ritualists (Snake:1)
  8 spectral anacondas (Snake:1)
  6 sea snakes
  A swamp dragon (Lair:5)
  13 deep elf archers
  11 orc knights
  Pikel (D:4)
  3 harpies (Lair:5)
  3 anaconda skeletons (Snake:1)
  21 deep elf zephyrmancers
  27 deep elf pyromancers
  7 mana vipers
  2 orc sorcerers (Orc:1)
  14 salamanders
  3 cyclopes
  10 ugly things
  7 manticores
  4 fauns (Shoals:1)
  14 elephants (Lair:5)
  9 naga magi
  23 black mambas
  An ice statue (Lair:3)
  A merfolk siren (Shoals:1)
  A guardian serpent (Snake:3)
  A gargoyle (D:13)
  An efreet (D:15)
  8 cane toads
  3 rime drakes
  A freezing wraith (D:15)
  3 yaktaurs (D:14)
  11 komodo dragons
  3 kobold demonologists
  6 anaconda simulacra (Snake:1)
  An ice devil (Lair:3)
  2 merfolk (Shoals:1)
  4 polar bears
  3 meliai (D:14)
  4 trolls
  Grinder (D:6)
  A wind drake (Shoals:1)
  A hornet (Lair:5)
  2 snapping turtles
  5 dream sheep (Lair:5)
  16 blink frogs
  2 air elementals
  3 shadows
  A centaur simulacrum (D:14)
  5 wyverns
  19 slime creatures
  57 yaks
  4 water elementals
  4 basilisks
  7 fire elementals
  2 fire bats (Orc:2)
  10 vampire mosquitoes
  12 wargs
  24 nagas
  21 water moccasins
  A harpy simulacrum (D:15)
  2 acid dragons
  Duvessa (D:6)
  3 hell hounds (D:12)
  11 ice beasts
  39 orc warriors
  A sky beast (D:7)
  3 swamp drakes (Lair:5)
  4 black bears
  2 ogres
  19 centaurs
  A wolf (D:9)
  A lemure (D:4)
  3 kobold brigands
  An earth elemental (Elf:1)
  12 bullfrogs
  5 scorpions
  2 necrophages
  A gnoll sergeant (Orc:2)
  5 wights (D:10)
  Dowan (D:6)
  9 killer bees (D:9)
  6 electric eels
  3 howler monkeys (D:13)
  2 gnoll boudas
  2 jellies
  8 orc priests
  A quasit (D:5)
  3 hounds
  Jessica (D:3)
  3 iguanas
  Natasha (thrice) (D:4)
  31 orc wizards
  2 hell rats (Lair:4)
  19 gnolls
  3 river rats (Lair:4)
  4 adders
  4 shadow imps (D:5)
  9 white imps
  5 ufetubi (D:5)
  2 worms
  65 orcs
  7 endoplasms
  2 giant cockroaches (D:2)
  8 goblins
  3 hobgoblins
  4 jackals
  22 kobolds
  3 quokkas
  3 ball pythons
  3 bats
  A frilled lizard (D:2)
  12 rats
919 creatures vanquished.

Vanquished Creatures (others)
  2 deep elf blademasters (Elf:3)
  A deep elf annihilator (Elf:3)
  A deep elf death mage (Elf:3)
  A hydra (D:15)
  2 swamp dragons (Lair:5)
  A skyshark (Lair:5)
  A deep elf zephyrmancer (Elf:2)
  An elephant (Lair:5)
  A cane toad (Lair:5)
  A redback (D:15)
  A centaur (D:15)
  A kobold brigand (D:10)
  5 demonic plants (D:5)
  38 fungi
  69 plants
126 creatures vanquished.

Grand Total: 1045 creatures vanquished

Notes
Turn   | Place    | Note
-------+----------+-------------------------------------------
     0 | D:1      | Zappman123 the Hill Orc Gladiator began the quest for the
                  | Orb.
     0 | D:1      | Reached XP level 1. HP: 18/18 MP: 1/1
   308 | D:1      | Reached XP level 2. HP: 25/25 MP: 2/2
   776 | D:1      | Reached skill level 5 in Axes
   992 | D:2      | Reached XP level 3. HP: 21/30 MP: 3/3
  1136 | D:2      | Reached XP level 4. HP: 38/38 MP: 4/4
  1539 | D:2      | Found a runed translucent door.
  1540 | D:2      | Noticed Crazy Yiuf
  1798 | D:2      | Gained mutation: Potions are less effective at restoring
                  | your health. [potion of mutation]
  2096 | D:3      | Reached skill level 6 in Axes
  2420 | D:3      | Noticed Jessica
  2428 | D:3      | Killed Jessica
  2429 | D:3      | Reached XP level 5. HP: 21/47 MP: 5/5
  2686 | D:3      | Reached skill level 5 in Fighting
  3072 | D:4      | Found a staircase to the Ecumenical Temple.
  3081 | Temple   | Entered the Ecumenical Temple
  3409 | Temple   | Became a worshipper of Elyvilon the Healer
  3501 | D:4      | Noticed an ogre
  3544 | D:4      | Noticed Natasha
  3550 | D:4      | Killed Natasha
  3589 | D:4      | Noticed Pikel
  3589 | D:4      | Noticed a lemure
  3589 | D:4      | Noticed a lemure
  3589 | D:4      | Noticed a lemure
  3600 | D:4      | Killed a lemure
  3605 | D:4      | Killed Pikel
  3606 | D:4      | Reached skill level 9 in Axes
  3606 | D:4      | Reached XP level 6. HP: 38/57 MP: 6/6
  3606 | D:4      | Reached XP level 7. HP: 42/63 MP: 7/7
  3772 | D:4      | Noticed Natasha
  3779 | D:4      | Killed Natasha
  3832 | D:4      | Noticed Natasha
  3837 | D:4      | Killed Natasha
  3911 | D:4      | Reached * piety under Elyvilon
  4112 | D:5      | Entered Level 5 of the Dungeon
  4413 | D:5      | Reached skill level 10 in Axes
  4420 | D:5      | Reached XP level 8. HP: 54/70 MP: 8/8
  4564 | D:5      | Reached skill level 11 in Axes
  4764 | D:5      | Reached skill level 12 in Axes
  4984 | D:5      | Reached ** piety under Elyvilon
  5553 | D:6      | Noticed Grinder
  5823 | D:6      | Noticed Crownlay's ghost (novice HOFE)
  5884 | D:6      | Noticed Duvessa
  5897 | D:6      | Killed Grinder
  5898 | D:6      | Reached XP level 9. HP: 70/81 MP: 9/9
  5898 | D:6      | Killed Duvessa
  5898 | D:6      | Noticed Dowan
  5909 | D:6      | Killed Dowan
  5909 | D:6      | Noticed a two-headed ogre
  5910 | D:6      | HP: 8/81 [poisoned by Dowan]
  5919 | D:6      | HP: 8/81 [poisoned by Dowan]
  6454 | D:7      | Reached skill level 5 in Armour
  6615 | D:7      | Reached *** piety under Elyvilon
  6670 | D:7      | Found Meahouwk's Assorted Antiques.
  6697 | D:7      | Bought a shiny scale mail for 147 gold pieces
  6852 | D:7      | Found a hide-covered altar of Uskayaw.
  7605 | D:8      | Reached skill level 13 in Axes
  7617 | D:8      | Reached XP level 10. HP: 81/88 MP: 10/10
  8322 | D:9      | Reached skill level 14 in Axes
  8337 | D:9      | Reached **** piety under Elyvilon
  8364 | D:9      | Found a staircase to the Lair.
  8553 | D:9      | Reached skill level 15 in Axes
  8910 | D:9      | Reached skill level 16 in Axes
  9185 | D:9      | Found Hir Rad's Armour Boutique.
  9208 | D:9      | Found a staircase to the Orcish Mines.
  9252 | D:9      | Reached XP level 11. HP: 58/97 MP: 11/11
  9365 | D:9      | Found Acudwidgh's Weapon Boutique.
  9371 | D:9      | Bought a scarf of resistance for 384 gold pieces
  9434 | D:9      | Found a runed translucent gate.
  9434 | D:9      | Found a runed translucent gate.
  9434 | D:9      | Found a runed translucent gate.
  9437 | D:9      | Noticed epen's ghost (journeyman GnWn)
  9838 | D:9      | Found a viscous altar of Jiyva.
  9861 | D:10     | Entered Level 10 of the Dungeon
  9967 | D:10     | Noticed a soul eater
 10349 | D:10     | Reached ***** piety under Elyvilon
 10435 | D:10     | Reached skill level 10 in Fighting
 10497 | D:10     | Noticed a two-headed ogre
 10502 | D:10     | Killed a two-headed ogre
 10503 | D:10     | Reached skill level 10 in Armour
 11453 | D:11     | Identified the +0 ring mail of Makhleb's Vengeance {Int+2
                  | Dex+6}
 11971 | D:11     | Noticed a cyan ugly thing
 11980 | D:11     | Killed a cyan ugly thing
 11981 | D:11     | Reached skill level 17 in Axes
 12455 | D:12     | Noticed Azrael
 12790 | D:12     | Noticed a two-headed ogre
 12803 | D:12     | Killed a two-headed ogre
 12811 | D:12     | Reached skill level 18 in Axes
 12881 | D:12     | Noticed a boulder beetle
 12894 | D:12     | Killed a boulder beetle
 12977 | D:12     | Reached skill level 5 in Invocations
 12989 | D:12     | Reached XP level 12. HP: 72/106 MP: 14/16
 13697 | D:12     | Noticed Urug
 13720 | D:12     | Killed Urug
 14090 | Lair:1   | Entered Level 1 of the Lair of Beasts
 14125 | Lair:1   | Reached skill level 10 in Invocations
 14785 | Lair:1   | Noticed Gastronok
 15433 | Lair:2   | Killed Gastronok
 16127 | Lair:2   | Reached XP level 13. HP: 108/113 MP: 23/23
 16705 | Lair:2   | Reached skill level 15 in Invocations
 17006 | Lair:3   | Found a staircase to the Shoals.
 17141 | Lair:3   | Found a dark tunnel.
 17145 | Volcano  | Entered a volcano
 18141 | Lair:3   | Found a staircase to the Snake Pit.
 18941 | Lair:4   | Found a staircase to the Slime Pits.
 19425 | Lair:4   | You fall into a shaft and drop 1 floor!
 19425 | Lair:5   | Entered Level 5 of the Lair of Beasts
 19625 | Lair:5   | Reached skill level 19 in Axes
 19662 | Lair:5   | Reached XP level 14. HP: 121/163 MP: 36/36
 19801 | Lair:5   | Reached skill level 20 in Axes
 19981 | Lair:5   | Paralysed by a hornet for 2 turns
 20337 | Lair:5   | Identified the +6 trident of Circularity {venom, rF- rC+
                  | rN+ rCorr}
 21561 | Orc:1    | Entered Level 1 of the Orcish Mines
 21679 | Orc:1    | Noticed Erica
 21696 | Orc:1    | Killed Erica
 21738 | Orc:1    | Noticed Jorgrun
 21739 | Orc:1    | Pacified Jorgrun
 21740 | Orc:1    | Reached XP level 15. HP: 135/135 MP: 25/28
 22067 | Orc:2    | Entered Level 2 of the Orcish Mines
 22093 | Orc:2    | Noticed Rupert
 22199 | D:7      | Bought a potion of curing for 63 gold pieces
 22199 | D:7      | Bought a scroll of immolation for 84 gold pieces
 22337 | Orc:2    | Killed Rupert
 22594 | Orc:2    | Noticed Donald
 22599 | Orc:2    | Pacified Donald
 22792 | Orc:2    | Found a roughly hewn altar of Beogh.
 22917 | Orc:2    | Found Ydis's Antique Armour Boutique.
 22917 | Orc:2    | Found Leir Jue's Weapon Emporium.
 23025 | Orc:2    | Found a roughly hewn altar of Beogh.
 23149 | Orc:2    | Found Dulemo's Assorted Antiques.
 23149 | Orc:2    | Found Keing's Antique Weapon Emporium.
 23355 | Orc:2    | Found a staircase to the Elven Halls.
 23897 | D:11     | Killed Azrael
 24233 | D:13     | Found Lexeal's General Store.
 25119 | D:14     | Reached skill level 15 in Fighting
 25389 | Orc:2    | Bought the +8 frozen axe "Frostbite" {freeze, freezing
                  | cloud, *Noise Fly rC+} for 1623 gold pieces
 25389 | Orc:2    | Found the +8 frozen axe "Frostbite" {freeze, freezing
                  | cloud, *Noise Fly rC+}
 25561 | D:14     | Reached ****** piety under Elyvilon
 25767 | D:14     | Found a gate to the Vaults.
 26248 | D:14     | Reached skill level 21 in Axes
 26849 | D:15     | Entered Level 15 of the Dungeon
 27072 | D:15     | Reached XP level 16. HP: 130/149 MP: 29/29
 27120 | D:15     | Noticed a tengu reaver
 27121 | D:15     | Noticed Pomaec's ghost (journeyman TrCA)
 27201 | D:15     | Reached skill level 22 in Axes
 27442 | D:15     | Found a staircase to the Depths.
 27715 | D:15     | Found a runed translucent gate.
 27716 | D:15     | Found a runed translucent gate.
 27717 | D:15     | Found a runed translucent gate.
 27968 | D:15     | Reached skill level 23 in Axes
 28358 | Shoals:1 | Entered Level 1 of the Shoals
 28584 | Snake:1  | Entered Level 1 of the Snake Pit
 29039 | Snake:1  | Reached skill level 24 in Axes
 29039 | Snake:1  | Noticed Aizul
 29050 | Snake:1  | Killed Aizul
 29454 | Snake:1  | Identified the +10 short sword of Ravage {drain, Int+4}
 29854 | Snake:2  | Noticed a nagaraja
 29873 | Snake:1  | Killed a nagaraja
 29932 | Snake:2  | Found a transporter.
 30010 | Snake:2  | Found a transporter.
 30086 | Snake:2  | Reached XP level 17. HP: 145/158 MP: 30/30
 30099 | Snake:2  | Reached skill level 15 in Armour
 30179 | Snake:2  | Noticed Vashnia
 31151 | Snake:2  | Killed Vashnia
 32362 | Snake:3  | Found Qate's Antique Armour Emporium.
 33563 | Snake:4  | Entered Level 4 of the Snake Pit
 33563 | Snake:4  | Noticed Bai Suzhen
 33563 | Snake:4  | Found Duskum's General Store.
 33632 | Snake:4  | Noticed Mara
 33632 | Snake:4  | Noticed Agnes
 33648 | Snake:3  | Noticed Zappman123's illusion
 33648 | Snake:3  | Killed Mara
 33733 | Snake:4  | Noticed Roxanne
 34066 | Elf:1    | Entered Level 1 of the Elven Halls
 34203 | Elf:1    | Found a shimmering blue altar of Sif Muna.
 34673 | Elf:1    | Identified the +4 morningstar of Linearity {protect,
                  | *Corrode Str+4 SInv Stlth+}
 34722 | Elf:1    | Paralysed by an air elemental for 1 turns
 35043 | Elf:1    | Reached XP level 18. HP: 169/170 MP: 31/31
 35408 | Elf:2    | Paralysed by an air elemental for 1 turns
 35413 | Elf:2    | Paralysed by an air elemental for 1 turns
 35488 | Elf:2    | Reached skill level 1 in Evocations
 36016 | Elf:2    | Reached skill level 5 in Evocations
 36490 | Elf:2    | Found a huge runed translucent gate.
 36492 | Elf:2    | Found a huge runed translucent gate.
 36497 | Elf:2    | Found a huge runed translucent gate.
 36498 | Elf:2    | Found a huge runed translucent gate.
 36498 | Elf:2    | Found a huge runed translucent gate.
 36675 | Elf:3    | Entered Level 3 of the Elven Halls
 37533 | Elf:3    | Noticed a deep elf blademaster
 37536 | Elf:3    | Pacified a deep elf blademaster
 37542 | Elf:3    | Killed a deep elf blademaster
 37556 | Elf:3    | Noticed a deep elf master archer
 37557 | Elf:3    | Identified the ring "Dioficiu" {rPois rC+ rN+}
 37557 | Elf:3    | Noticed a deep elf blademaster
 37567 | Elf:3    | Killed a deep elf blademaster
 37570 | Elf:3    | Identified the ring of the Princeling {rN+ Will+ MP+9}
 37574 | Elf:3    | Killed a deep elf master archer
 37576 | Elf:3    | Killed a ghostly deep elf master archer
 37869 | Elf:3    | Noticed a deep elf master archer
 37891 | Elf:3    | Killed from afar by a deep elf sorcerer

Illustrated notes

Levels and vault maps discovered:
D:1:      dpeg_arrival_shelter, layout_basic, st_stairs_10
D:2:      layout_loops_ring, uniq_crazy_yiuf_cottage
D:3:      layout_loops_ring, chequers_serial_rivers_room_a, uniq_jessica
D:4:      layout_gridville, minmay_temple_entry_junction, uniq_pikel,
          uniq_natasha
D:5:      layout_basic, serial_demonic, serial_demonic_b, serial_demonic_g,
          serial_demonic_c, serial_demonic_a, serial_demonic_g,
          serial_demonic_g, minmay_bent
D:6:      layout_loops_ring, makhleb_grotto_becter,
          hellmonk_ghost_happy_afterlife, minmay_fractal_squares_diagonal_5,
          uniq_duvessa, uniq_grinder, uniq_prince_ribbit1
D:7:      layout_cave_pools, kennysheep_little_box, serial_shops, shop_statue,
          minmay_misc_feat_nine_boxes, grunt_ministairs_15
D:8:      layout_basic
D:9:      layout_small_grid, hellmonk_lair_entry_icy, orc_david_3,
          gammafunk_ghost_ooze
D:10:     layout_irregular_city
D:11:     layout_stronghold
D:12:     layout_basic, uniq_urug, uniq_azrael
D:13:     layout_basic, serial_shops, shop
D:14:     layout_stronghold, hangedman_vaults_entry_quadrant_bands,
          minmay_misc_feat_cross
D:15:     hangedman_depths_entry_try_elsewhere_first, layout_basic, hex_medium,
          gammafunk_ghost_split, minmay_joined_circles
Temple:   mainiacjoe_temple_cubbyholes
Lair:1:   layout_gridlike, uniq_gastronok
Lair:2:   layout_regular_city, serial_bayou_shore_b, grunt_megastairs_2
Lair:3:   layout_chaotic_city, shoals_dummy_entry,
          minmay_snake_entry_six_corridors, nicolae_volcano_entry_lava_flow,
          ice2_lemuel
Lair:4:   layout_roguey, minmay_slime_entry_oklob_open,
          kennysheep_abandoned_house, grunt_megastairs_5
Lair:5:   gammafunk_lair_ancient_temple, layout_misc_corridors,
          minmay_stone_trees_medium, pond
Shoals:1: layout_shoals
Snake:1:  layout_basic, special_room, nicolae_snake_dead_anacondas, uniq_aizul
Snake:2:  gammafunk_the_bubble [the_bubble_gammafunk_split],
          layout_misc_corridors, nicolae_snake_springs, nicolae_triple_integral,
          serial_bayou_shore_b, uniq_vashnia
Snake:3:  layout_onion_interference, serial_shops, shop,
          nicolae_coiled_stairwell_up
Snake:4:  snake_pit_salamanders_mu, layout_rooms, serial_shops,
          nicolae_shop_stone, uniq_mara, uniq_agnes, uniq_roxanne,
          uniq_bai_suzhen
Orc:1:    layout_caves, uniq_erica, uniq_jorgrun
Orc:2:    st_orc_town, layout_diamond_mine, nicolae_orc_lava_tube,
          nicolae_orc_lost_temple, uniq_rupert, uniq_donald
Elf:1:    minmay_elf_arrival_summoners, layout_geoelf_grid, basic_altar,
          hangedman_elf_represent
Elf:2:    elven_hall_of_blades_hangedman_alternative
          [nicolae_vaults_blade_armed_guards], layout_loops_cross
Elf:3:    elf_hall, layout_geoelf_grid

Skill      XL: |  1  2  3  4  5  6  7  8  9 10 11 12 13 14 15 16 17 18 |
---------------+-------------------------------------------------------+-----
Axes           | 5 6 9 10 12 13 16 18 19 20 21 24 | 24.0
Throwing       | 2 |  2.0
Fighting       | 3 4 6 8 9 10 13 15 16 18 | 18.0
Armour         | 2 8 10 12 14 17 18 | 18.0
Invocations    | 5 14 18 | 18.0
Evocations     | 9 |  9.1
Dodging        | |  2.4

Action                     |  1- 3 |  4- 6 |  7- 9 | 10-12 | 13-15 | 16-18 || total
---------------------------+-------+-------+-------+-------+-------+-------++-------
  Melee: War axe           |    51 |   119 |   277 |   225 |       |       ||   672
         Punch             |       |       |     2 |     5 |       |       ||     7
         Battleaxe         |       |       |       |   419 |  1042 |       ||  1461
         Executioner's axe |       |       |       |       |    83 |   709 ||   792
  Throw: Throwing net      |     3 |     1 |       |       |       |       ||     4
         Dart              |       |     1 |    18 |    19 |       |       ||    38
         Javelin           |       |     1 |     3 |     2 |       |       ||     6
         Boomerang         |       |       |       |     7 |       |       ||     7
 Invoke: Heal Self         |       |       |       |     3 |     3 |     4 ||    10
         Divine Vigour     |       |       |       |     2 |     5 |     8 ||    15
         Heal Other        |       |       |       |       |    10 |     8 ||    18
         Purification      |       |       |       |       |     3 |     5 ||     8
  Evoke: Wand              |       |       |       |     5 |     5 |    15 ||    25
         Lightning rod     |       |       |       |       |       |     1 ||     1
    Use: Scroll            |       |     6 |    10 |     6 |    14 |     9 ||    45
         Potion            |       |     5 |     2 |     3 |       |     1 ||    11
   Stab: Held in net/web   |     2 |     1 |       |       |       |       ||     3
         Confused          |       |       |       |       |     1 |       ||     1
         Fleeing           |       |       |       |       |     1 |       ||     1
         Distracted        |       |       |       |       |     1 |       ||     1
         Invisible         |       |       |       |       |       |     3 ||     3
 Armour: Leather armour    |    14 |    22 |    31 |       |       |       ||    67
         Plate armour      |       |       |    68 |       |       |       ||    68
         Chain mail        |       |       |    11 |    56 |       |       ||    67
         Scale mail        |       |       |     9 |   107 |   368 |   277 ||   761
  Dodge: Dodged            |    27 |    70 |   140 |   361 |   736 |   495 ||  1829
  Block: Other             |       |    12 |    53 |    98 |    24 |       ||   187
         Reflection        |       |       |     2 |     3 |     2 |       ||     7

Table legend: (Time is in decaauts)
 A = Elapsed time spent in this place.
 B = Non-inter-level travel time spent in this place.
 C = Inter-level travel time spent in this place.
 D = Time resting spent in this place.
 E = Time spent auto-exploring this place.
 F = Levels seen in this place.
 G = Mean time per level.
                   A        B        C        D        E       F      G
               +--------+--------+--------+--------+--------+-----+--------+
         Total |  37405 |  33044 |   4361 |   6157 |  20603 |  32 | 1168.9 |
       Dungeon |  18524 |  15720 |   2804 |   2473 |  10429 |  15 | 1234.9 |
        Temple |    370 |    305 |     65 |      0 |    301 |   1 |  370.0 |
          Lair |   7071 |   6559 |    512 |   1075 |   3981 |   5 | 1414.2 |
        Shoals |    182 |    153 |     29 |      7 |     84 |   1 |  182.0 |
     Snake Pit |   5264 |   4816 |    448 |   1209 |   2884 |   4 | 1316.0 |
  Orcish Mines |   1888 |   1644 |    244 |    270 |    920 |   2 |  944.0 |
   Elven Halls |   3733 |   3477 |    256 |    867 |   1978 |   3 | 1244.3 |
       Volcano |    369 |    369 |      0 |    254 |     25 |   1 |  369.0 |
               +--------+--------+--------+--------+--------+-----+--------+

Top non-repeatable levels by time:
 Snake:1: 2203 daAuts
     D:9: 2083 daAuts
     D:5: 1768 daAuts
  Lair:1: 1758 daAuts
    D:14: 1741 daAuts
    D:11: 1718 daAuts
 Snake:3: 1715 daAuts
  Lair:5: 1640 daAuts
  Lair:3: 1636 daAuts
   Elf:1: 1627 daAuts
    D:12: 1540 daAuts
    D:10: 1327 daAuts
 Snake:2: 1317 daAuts
   Orc:2: 1245 daAuts
  Lair:2: 1239 daAuts
